 Dungeon Crawl Stone Soup version 0.31-a0-167-g1c394c0614 (webtiles) character file.

Game seed: 3624920618183220729

67 qw the Chopper (level 4, -2/28 HPs)
             Began as a Gargoyle Fighter on June 14, 2023.
             Slain by Natasha (6 damage)
             ... on level 4 of the Dungeon.
             The game lasted 00:00:41 (1274 turns).

qw the Chopper (Gargoyle Fighter)                   Turns: 1274, Time: 00:00:41

Health: -2/28      AC: 10    Str: 21    XL:     4   Next: 16%
Magic:  4/4        EV:  9    Int:  9    God:
Gold:   107        SH:  4    Dex:  9    Spells: 3/3 levels left

rFire   . . .        l - +0 broad axe
rCold   . . .        c - +0 buckler
rNeg    + . .        b - +0 scale mail
rPois   inf          (no helmet)
rElec   +            (no cloak)
rCorr   .            (no gloves)
SInv    .            (no boots)
Will    .....        (no amulet) Stlth
                     (no ring)
HPRegen 0.24/turn    (no ring)
MPRegen 0.09/turn

%: no passive effects
@: slowed, very slow
A: sickness immunity, AC +3, negative energy resistance 1, electricity
resistance, torment resistance 1, petrification resistance
a: no special abilities


You were on level 4 of the Dungeon.
You visited 1 branch of the dungeon, and saw 3 of its levels.

You collected 107 gold pieces.


Innate Abilities, Weirdness & Mutations

You are immune to sickness and miasma.
Your stone body is resilient. (AC +3)
You are immune to poison.
You resist negative energy. (rN+)
You are resistant to electric shocks. (rElec)
You are resistant to unholy torment.
You are immune to petrification.


   Skills:
 - Level 3.2 Fighting
 + Level 3.4 Axes
 - Level 1.6 Throwing
 - Level 3.2 Armour
 - Level 3.2 Shields


You had 3 spell levels left.
You didn't know any spells.
Your spell library was empty.

Inventory:

Hand Weapons
 a - a +0 whip
 l - a +0 broad axe (weapon)
Missiles
 m - 2 silver javelins (quivered)
Armour
 b - a +0 scale mail (worn)
 c - a +0 buckler (worn)
Jewellery
 h - a ring of protection from cold
Scrolls
 f - a scroll of identify {unknown}
Potions
 d - 2 potions of might
 e - a potion of brilliance {unknown}
 g - 3 potions of curing
 i - a potion of haste {unknown}
 j - 2 potions of invisibility {unknown}
 k - a potion of degeneration {unknown}

Dungeon Overview and Level Annotations

Branches:
Dungeon (2/15)

Altars:

Annotations:
D:4 Natasha


Message History

Natasha closely misses you.
You closely miss Natasha. Natasha claws you but does no damage.
Natasha misses you.
You barely miss Natasha.
Natasha stares at you and mumbles some strange words.
You feel as though you will be slow longer.
Natasha barely misses you.
You closely miss Natasha. Natasha claws you! Natasha claws you.
Natasha closely misses you.
You barely miss Natasha. Natasha claws you. x2
You hit Natasha.
Natasha is lightly wounded.
Natasha barely misses you. Natasha casts a spell at you.
You feel as though you will be slow longer.
You closely miss Natasha.
Natasha is lightly wounded.
Natasha claws you! Natasha casts a spell at you. The magic dart hits you.
You barely miss Natasha.
Natasha is lightly wounded.
Natasha barely misses you. Natasha claws you!
You closely miss Natasha.
Natasha is lightly wounded.
Natasha claws you but does no damage. x2
You hit Natasha.
Natasha is moderately wounded.
Natasha closely misses you. You block Natasha's attack.
You hit Natasha.
Natasha is heavily wounded.
Natasha misses you. Natasha barely misses you.
You closely miss Natasha.
Natasha is heavily wounded.
Natasha claws you but does no damage. Natasha barely misses you.
You barely miss Natasha.
Natasha is heavily wounded.
Natasha claws you.
You die...

#################
................#
................#
.>....%..@h.....#
.#.....##.....###
###... #+#####
####


You could see Natasha.

Vanquished Creatures
  Natasha (D:4)
  A worm (D:2)
  2 ball pythons (D:1)
  5 endoplasms (D:1)
  A giant cockroach (D:2)
  6 hobgoblins
  7 kobolds
  2 quokkas
  2 frilled lizards (D:1)
  4 goblins
  3 rats
34 creatures vanquished.

Notes
Turn   | Place    | Note
-------+----------+-------------------------------------------
     0 | D:1      | qw the Gargoyle Fighter began the quest for the Orb.
     0 | D:1      | Reached XP level 1. HP: 14/14 MP: 1/1
     0 | D:1      | 0 ||| qw: Version: 0.2-a-29-g1fa15c8
     0 | D:1      | 0 ||| qw: Game counter: 5137
     0 | D:1      | 0 ||| qw: Always use a shield: true
     0 | D:1      | 0 ||| qw: God list: Okawaru
     0 | D:1      | 0 ||| qw: Allow faded altars: false
     0 | D:1      | 0 ||| qw: Do Orc after D:15 true
     0 | D:1      | 0 ||| qw: Do second Lair branch before Depths: true
     0 | D:1      | 0 ||| qw: Lair rune preference: random
     0 | D:1      | 0 ||| qw: Plans: Normal, Zot:1-4, Slime:5, God:TSO, Crypt,
                  | Tomb, Abyss, Pan, Hells, Win
     0 | D:1      | 0 ||| PLANNING D:1-11
   182 | D:1      | 182 ||| Stepping ~*~*~tactically~*~*~ (hiding).
   198 | D:1      | 198 ||| Stepping ~*~*~tactically~*~*~ (hiding).
   200 | D:1      | 200 ||| Stepping ~*~*~tactically~*~*~ (hiding).
   201 | D:1      | 201 ||| Stepping ~*~*~tactically~*~*~ (hiding).
   202 | D:1      | 202 ||| Stepping ~*~*~tactically~*~*~ (hiding).
   207 | D:1      | Reached XP level 2. HP: 19/19 MP: 2/2
   621 | D:1      | Reached skill level 3 in Axes
   635 | D:1      | 635 ||| Stepping ~*~*~tactically~*~*~ (stealth).
   668 | D:1      | 668 ||| Stepping ~*~*~tactically~*~*~ (stealth).
   675 | D:1      | Reached XP level 3. HP: 23/23 MP: 3/3
   802 | D:1      | 802 ||| READING scroll labelled KIC HOSISUOC.
   806 | D:1      | 806 ||| READING scroll labelled KYANWE TIXZUM.
   807 | D:1      | 807 ||| READING scroll labelled UFOCRU HIHURO.
   808 | D:1      | 808 ||| DRINKING 2 white potions.
   838 | D:2      | 838 ||| STAIRDANCE
   886 | D:2      | 886 ||| DROPPING +0 club.
  1104 | D:2      | 1104 ||| UPGRADING to +0 broad axe.
  1105 | D:2      | 1105 ||| DROPPING +0 war axe.
  1249 | D:2      | You fall into a shaft and drop 2 floors!
  1250 | D:4      | Noticed Natasha
  1258 | D:4      | Killed Natasha
  1259 | D:4      | Reached skill level 1 in Throwing
  1259 | D:4      | Reached XP level 4. HP: 25/28 MP: 4/4
  1259 | D:4      | Noticed Natasha
  1269 | D:4      | HP: 1/28 [Natasha (8)]
  1274 | D:4      | Slain by Natasha

Levels and vault maps discovered:
D:1:      dpeg_arrival_connections, layout_basic
D:2:      layout_basic, solitary_fountain
D:4:      layout_gridville, gammafunk_temple_overflow_wave,
          kennysheep_generic_room_5, uniq_grinder, uniq_natasha,
          uniq_blork_the_orc

Skill      XL: |  1  2  3 |
---------------+----------+-----
Axes           | 2 3 |  3.4
Throwing       | 1 |  1.6
Fighting       | |  3.2
Armour         | |  3.2
Shields        | |  3.2

Action                     |  1- 3 |  4- 6 || total
---------------------------+-------+-------++-------
  Melee: War axe           |    69 |       ||    69
         Broad axe         |    10 |    13 ||    23
  Throw: Javelin           |     1 |       ||     1
    Use: Scroll            |     3 |       ||     3
         Potion            |     1 |       ||     1
 Armour: Scale mail        |    25 |     4 ||    29
  Dodge: Dodged            |    23 |    10 ||    33
  Block: Buckler           |    11 |     1 ||    12

Table legend:
 A = Non-vault XP
 B = Vault XP
 C = Vault XP percentage of total XP
 D = Non-vault monster count
 E = Vault monster count
 F = Vault count percentage of total count
                 A         B        C        D         E       F
            +---------+---------+-------+---------+---------+-------
      Total |      59 |      37 |  38.5 |      33 |       1 |   2.9
            +---------+---------+-------+---------+---------+-------
        D:1 |      36 |       0 |   0.0 |      22 |       0 |   0.0
        D:2 |      23 |       0 |   0.0 |      11 |       0 |   0.0
        D:4 |       0 |      37 | 100.0 |       0 |       1 | 100.0
            +---------+---------+-------+---------+---------+-------
